 Dungeon Crawl Stone Soup version 0.27.1-35-g4d5d836560 (webtiles) character file.

Game seed: 9548293690651621046

45 Delamore the Sneak (level 3, -5/14 HPs)
             Began as a Felid Hedge Wizard on Mar 1, 2022.
             Asphyxiated
             ... in a sewer.
             The game lasted 00:06:24 (4916 turns).

Delamore the Sneak (Felid Hedge Wizard)             Turns: 4916, Time: 00:06:25

Health: -5/14      AC:  1    Str:  6    XL:     3   Next: 42%
Magic:  4/9        EV: 18    Int: 16    God:
Gold:   80         SH:  0    Dex: 21    Spells: 6/9 levels left
                                        Lives:  0   Deaths: 1

rFire    . . .     SeeInvis +   (weapon unavailable)
rCold    . . .     Faith    .   (shield unavailable)
rNeg     + . .     Spirit   .   (armour unavailable)
rPois    .         Reflect  .   (helmet unavailable)
rElec    .         Harm     .   (cloak unavailable)
rCorr    .         Rampage  .   (gloves unavailable)
Will     .....                  (boots unavailable)
Stlth    +++.......             (no amulet)
HPRegen  0.04/turn              c - ring of positive energy
MPRegen  0.11/turn              g - +6 ring of dexterity

@: lethally poisoned (-5 -> -27), slowed, slow
A: very small, claws 1, fangs 3, see invisible, speed 1, shaggy fur 1, stealthy
paws, no weapons or thrown items, no armour, multi-lived
a: no special abilities


You were in a sewer.
You visited 1 branch of the dungeon, and saw 3 of its levels.
You also visited: Sewer.

You collected 80 gold pieces.

Inventory:

Jewellery
 c - a ring of positive energy (left paw)
 g - a +6 ring of dexterity (right paw)
Scrolls
 a - a scroll of summoning
 b - a scroll of immolation


   Skills:
 - Level 2.6 Dodging
 * Level 5.1 Stealth
 + Level 3.5 Spellcasting
 + Level 2.0 Conjurations
 - Level 1.0 Summonings
 - Level 1.5 Translocations


You had 6 spell levels left.
You knew the following spells:

 Your Spells              Type           Power      Damage    Failure   Level
a - Magic Dart            Conj           36%        1d4       8%          1
b - Blink                 Tloc           N/A        N/A       14%         2

Your spell library contained the following spells:

 Spells                   Type           Power      Damage    Failure   Level
 Call Imp                 Summ           6%         N/A       19%         2
 Slow                     Hex            2%         N/A       26%         2
 Conjure Flame            Conj/Fire      6%         6-21      34%         3
 Mephitic Cloud           Conj/Pois/Air  5%         N/A       38%         3


Dungeon Overview and Level Annotations

Branches:
Dungeon (3/15)              Sewer (1/1)

Altars:
Hepliaklqana


Innate Abilities, Weirdness & Mutations

You have sharp claws.
You have razor-sharp teeth.
You have supernaturally acute eyesight. (SInv)
You cover ground quickly. (Speed+)
You are covered in fur. (AC +1)
Your paws help you pounce on unaware monsters.
You are incapable of wielding weapons or throwing items.
You cannot wear armour.
You gain extra lives every three experience levels.


Message History

The jackal is severely wounded.
The jackal barks!
A kobold comes into view. It is wielding a +0 short sword.
The magic dart hits the kobold.
The kobold is moderately wounded.
The kobold shouts!
A kobold brigand comes into view.
It is wielding a +0 short sword and quivering curare-tipped darts.
The magic dart hits the kobold but does no damage.
The kobold is moderately wounded.
The magic dart hits the kobold.
You kill the kobold!
The kobold brigand throws a curare-tipped dart.
The curare-tipped dart hits you.
You are poisoned.
You have difficulty breathing.
You feel yourself slow down.
The magic dart hits the kobold brigand but does no damage.
You feel very sick.
A kobold comes into view. It is wielding a +0 short sword.
You aren't carrying any potions.
Unknown command.
You are too injured to fight recklessly!
Okay, then.
You aren't carrying any items that you can evoke.
Unknown command.
You are too injured to fight recklessly!
Aiming: Magic Dart (safe; 8% risk of failure)
Press: ? - help, Q - select action, (/) - cycle Shift-Dir - straight line, f/p - kobold brigand
Aim: a kobold brigand, wielding a +0 short sword and quivering curare-tipped darts (100% to hit)
The magic dart hits the kobold brigand.
The kobold brigand is lightly wounded.
The kobold shouts!
* * * LOW HITPOINT WARNING * * *
You feel very sick.
You hear a bark!
The kobold brigand throws a curare-tipped dart.
The curare-tipped dart hits you.
You are more poisoned.
You have difficulty breathing.
Ouch! That really hurt!
You die...

###.≈≈≈.#
#∩..≈≈≈.#
###.≈≈≈.#
#.≈≈≈.#
##≈≈≈≈.##
#.≈≈≈≈.≈#
#.≈≈≈≈≈≈≈≈
#.≈≈≈≈..##
#@.≈≈≈≈.#
#.≈≈≈≈≈.#
#≈≈≈≈≈≈≈#
#≈≈≈≈≈≈≈#
#.≈≈≈≈≈≈#
#.K≈≈K.≈#
#..≈.≈≈.#
####h####


You could see a kobold brigand, a jackal and a kobold.

Vanquished Creatures
  2 gnolls (D:2)
  2 adders
  6 endoplasms
  5 giant cockroaches
  3 hobgoblins
  14 jackals
  2 kobolds
  4 quokkas
  3 ball pythons
  A bat (D:1)
  A frilled lizard (D:1)
  3 goblins (D:1)
  7 rats
53 creatures vanquished.

Notes
Turn   | Place    | Note
-------+----------+-------------------------------------------
     0 | D:1      | Delamore the Felid Hedge Wizard began the quest for the
                  | Orb.
     0 | D:1      | Reached XP level 1. HP: 7/7 MP: 5/5
   302 | D:1      | Reached skill level 3 in Stealth
   302 | D:1      | Reached skill level 1 in Conjurations
   544 | D:1      | Reached XP level 2. HP: 6/11 MP: 4/7
  1483 | D:2      | Reached skill level 4 in Stealth
  1483 | D:2      | Reached XP level 3. HP: 8/14 MP: 0/8
  2948 | D:2      | Found a hazy altar of Hepliaklqana.
  4179 | D:2      | Reached XP level 4. HP: 9/18 MP: 3/10
  4366 | D:3      | Learned a level 2 spell: Blink
  4677 | D:3      | Reached skill level 5 in Stealth
  4858 | D:3      | Found a glowing drain.
  4888 | Sewer    | Entered a sewer
  4895 | Sewer    | Slain by a river rat
  4896 | Sewer    | Reached XP level 3. HP: -5/14 MP: 6/9
  4912 | Sewer    | Noticed a kobold brigand
  4916 | Sewer    | Asphyxiated

Illustrated notes

Levels and vault maps discovered:
D:1:      dpeg_arrival_round_a, layout_loops_ring
D:2:      layout_loops_corners, basic_altar, roderic_lattice_a
D:3:      layout_loops_ring, gup_sewer_entry_bowl
Sewer:    sewer_kobolds

Skill      XL: |  1  2  3  4 |
---------------+-------------+-----
Stealth        | 3 4 5 |  5.1
Conjurations   | 1 2 |  2.0
Dodging        | |  2.6
Spellcasting   | |  3.5
Summonings     | |  1.0
Translocations | |  1.5

Action                   |  1- 3 |  4- 6 || total
-------------------------+-------+-------++-------
Melee: Unarmed           |    65 |    28 ||    93
       Bite              |     3 |     4 ||     7
 Cast: Magic Dart        |   114 |    30 ||   144
  Use: Scroll            |     2 |     4 ||     6
       Potion            |       |     1 ||     1
 Stab: Sleeping          |     2 |     2 ||     4
Armor: Skin              |     7 |     3 ||    10
Dodge: Dodged            |   106 |    40 ||   146
